General information
- name: BNet
- type: Ladder team game (AT/RT)
- host: Battle.net
- saver: bLinn
map: Highperch
- players: 6
- length: 92:02
- speed: Fast
- version: 1.21 W3XP
- replay type:

» download(346 KB)
Players
team 1 (winner)
BEAR_AND (
orange | 36 APM | 3325 actions | 91:58)
7 Warden
3 Shadow Strike
3 Blink
1 Fan of Knives
» actions
| Assign group hotkey | 10 | |
| Basic commands | 57 | |
| Build / train | 123 | |
| Enter build submenu | 15 | |
| Enter hero's abilities submenu | 8 | |
| Give item / drop item | 10 | |
| Remove unit from queue | 10 | |
| Right click | 1917 | |
| Select / deselect | 416 | |
| Select group hotkey | 512 | |
| Use ability | 247 | |
3325 total
» units
| Wisp | 30 | |
| Druid of the Talon | 50 | |
80 total
» upgrades
| Ultravision | 1 | |
| Strength of the Wild | 3 | |
| Reinforced Hides | 3 | |
| Well Spring | 1 | |
| Druid of the Talon Training | 2 | |
| Mark of the Talon | 1 | |
11 total
» buildings
| Altar of Elders | 1 | |
| Moon Well | 9 | |
| Tree of Ages | 1 | |
| Hunter's Hall | 1 | |
| Tree of Life | 1 | |
| Tree of Eternity | 1 | |
| Ancient of Wind | 2 | |
16 total
» build order
00:07 Altar of Elders
00:18 Moon Well
00:45 Moon Well
01:30 Moon Well
04:22 Moon Well
05:29 Moon Well
05:30 Moon Well
05:42 Tree of Ages
05:45 Hunter's Hall
05:55 Tree of Life
08:28 Tree of Eternity
11:03 Moon Well
11:05 Moon Well
11:08 Moon Well
11:23 Ancient of Wind
25:41 Ancient of Wind
» items
| Healing Salve | 2 | |
| Lesser Clarity Potion | 1 | |
| Orb of Lightning | 1 | |
| Staff of Teleportation | 1 | |
| Tiny Great Hall | 1 | |
| Mechanical Critter | 4 | |
10 total
bLinn (
pink | 40 APM | 3641 actions | 92:02)
9 Blademaster
3 Wind Walk
3 Critical Strike
1 Bladestorm
2 Mirror Image
» actions
| Assign group hotkey | 288 | |
| Basic commands | 56 | |
| Build / train | 96 | |
| Enter build submenu | 73 | |
| Enter hero's abilities submenu | 9 | |
| Give item / drop item | 3 | |
| Remove unit from queue | 7 | |
| Right click | 1712 | |
| Select / deselect | 559 | |
| Select group hotkey | 539 | |
| Use ability | 299 | |
3641 total
» units
| Peon | 13 | |
| Troll Batrider | 23 | |
| Wind Rider | 7 | |
43 total
» upgrades
| Spiked Barricades | 2 | |
| Reinforced Defenses | 1 | |
| Liquid Fire | 1 | |
| Ranged Weapons | 3 | |
| Armor | 3 | |
| Envenomed Spears | 1 | |
11 total
» buildings
| Altar of Storms | 1 | |
| Orc Burrow | 7 | |
| War Mill | 1 | |
| Watch Tower | 77 | |
| Stronghold | 3 | |
| Voodoo Lounge | 2 | |
| Fortress | 2 | |
| Beastiary | 2 | |
95 total
» build order
00:03 Altar of Storms
00:12 Orc Burrow
00:40 War Mill
01:57 Watch Tower
02:00 Watch Tower
02:06 Orc Burrow
02:33 Watch Tower
02:46 Watch Tower
02:55 Watch Tower
02:57 Watch Tower
03:18 Watch Tower
03:21 Watch Tower
04:11 Watch Tower
04:12 Watch Tower
04:14 Stronghold
04:14 Stronghold
04:14 Stronghold
04:26 Voodoo Lounge
04:28 Voodoo Lounge
04:38 Watch Tower
05:00 Watch Tower
05:04 Orc Burrow
06:04 Watch Tower
06:06 Watch Tower
06:10 Watch Tower
06:12 Watch Tower
07:00 Fortress
07:00 Fortress
07:05 Beastiary
07:07 Beastiary
08:13 Watch Tower
08:14 Watch Tower
08:43 Watch Tower
09:01 Watch Tower
09:22 Watch Tower
09:26 Orc Burrow
10:57 Watch Tower
10:58 Watch Tower
12:37 Watch Tower
12:38 Watch Tower
23:11 Watch Tower
23:14 Watch Tower
23:17 Watch Tower
23:18 Watch Tower
25:19 Watch Tower
25:21 Watch Tower
26:18 Watch Tower
26:30 Watch Tower
26:33 Watch Tower
26:45 Watch Tower
27:28 Watch Tower
27:42 Watch Tower
27:45 Watch Tower
27:49 Watch Tower
27:51 Watch Tower
27:56 Watch Tower
28:00 Watch Tower
28:53 Watch Tower
29:26 Watch Tower
29:31 Watch Tower
29:32 Watch Tower
30:31 Watch Tower
30:32 Watch Tower
30:36 Watch Tower
30:37 Watch Tower
30:39 Watch Tower
30:41 Watch Tower
30:49 Watch Tower
30:50 Watch Tower
30:52 Watch Tower
30:55 Watch Tower
30:56 Watch Tower
30:57 Watch Tower
30:59 Watch Tower
33:51 Orc Burrow
33:52 Orc Burrow
33:53 Orc Burrow
36:18 Watch Tower
36:18 Watch Tower
36:21 Watch Tower
36:24 Watch Tower
36:26 Watch Tower
36:28 Watch Tower
36:29 Watch Tower
36:32 Watch Tower
36:33 Watch Tower
36:35 Watch Tower
36:36 Watch Tower
36:41 Watch Tower
36:43 Watch Tower
36:45 Watch Tower
36:48 Watch Tower
36:51 Watch Tower
43:35 Watch Tower
43:37 Watch Tower
» items
| Boots of Speed | 1 | |
| Staff of Teleportation | 2 | |
| Healing Salve | 1 | |
| Lesser Clarity Potion | 1 | |
| Orb of Lightning | 1 | |
| Scroll of Town Portal | 1 | |
| Mechanical Critter | 1 | |
8 total
dirtmcWORDUP (
teal | 44 APM | 4044 actions | 91:58)
5 Archmage
3 Blizzard
2 Brilliance Aura
5 Blood Mage
2 Flame Strike
3 Banish
» actions
| Assign group hotkey | 39 | |
| Basic commands | 90 | |
| Build / train | 190 | |
| ESC pressed | 16 | |
| Enter build submenu | 52 | |
| Enter hero's abilities submenu | 10 | |
| Give item / drop item | 6 | |
| Remove unit from queue | 2 | |
| Right click | 1663 | |
| Select / deselect | 350 | |
| Select group hotkey | 1383 | |
| Use ability | 243 | |
4044 total
» units
| Peasant | 12 | |
| Flying Machine | 83 | |
| Dragonhawk Rider | 13 | |
| Mortar Team | 8 | |
116 total
» upgrades
| Masonry | 3 | |
| Lumber Harvesting | 2 | |
| Gunpowder | 3 | |
| Plating | 3 | |
| Flak Cannons | 1 | |
| Armor | 3 | |
| Swords | 3 | |
| Flying Machine Bombs | 1 | |
| Cloud | 1 | |
| Animal War Training | 1 | |
| Magic Sentry | 1 | |
22 total
» buildings
| Lumber Mill | 2 | |
| Altar of Kings | 2 | |
| Farm | 27 | |
| Scout Tower | 36 | |
| Arcane Tower | 5 | |
| Guard Tower | 18 | |
| Town Hall | 1 | |
| Keep | 1 | |
| Castle | 1 | |
| Blacksmith | 1 | |
| Workshop | 1 | |
| Arcane Sanctum | 2 | |
| Arcane Vault | 1 | |
| Gryphon Aviary | 1 | |
| Barracks | 1 | |
100 total
» build order
00:17 Lumber Mill
00:40 Altar of Kings
00:42 Farm
01:24 Scout Tower
01:47 Scout Tower
01:52 Arcane Tower
01:58 Scout Tower
02:08 Lumber Mill
02:12 Farm
02:24 Arcane Tower
02:46 Scout Tower
02:58 Guard Tower
02:59 Scout Tower
04:06 Scout Tower
04:08 Guard Tower
04:17 Guard Tower
04:19 Scout Tower
04:22 Scout Tower
04:23 Scout Tower
04:24 Scout Tower
04:54 Guard Tower
04:55 Scout Tower
04:58 Scout Tower
04:58 Scout Tower
05:11 Guard Tower
05:17 Guard Tower
05:38 Guard Tower
06:13 Guard Tower
06:17 Scout Tower
06:18 Scout Tower
06:19 Scout Tower
07:02 Town Hall
07:09 Guard Tower
07:11 Scout Tower
07:16 Scout Tower
07:20 Guard Tower
07:34 Keep
07:49 Guard Tower
07:52 Guard Tower
07:54 Scout Tower
07:55 Scout Tower
07:56 Scout Tower
08:57 Guard Tower
09:01 Scout Tower
09:02 Scout Tower
09:03 Scout Tower
09:04 Scout Tower
09:05 Scout Tower
09:06 Scout Tower
09:06 Scout Tower
09:18 Guard Tower
10:43 Castle
10:45 Blacksmith
10:51 Scout Tower
10:57 Guard Tower
11:19 Guard Tower
12:28 Workshop
13:41 Arcane Sanctum
13:47 Farm
18:55 Arcane Vault
19:42 Farm
19:44 Farm
19:45 Farm
19:45 Farm
19:46 Farm
19:47 Farm
19:48 Farm
19:49 Farm
19:50 Farm
19:50 Farm
19:51 Farm
23:26 Gryphon Aviary
23:29 Scout Tower
23:31 Scout Tower
23:34 Scout Tower
23:36 Scout Tower
23:38 Scout Tower
23:38 Scout Tower
23:59 Barracks
24:03 Farm
24:04 Farm
24:05 Farm
24:06 Farm
24:08 Farm
24:09 Farm
24:52 Arcane Tower
24:54 Arcane Sanctum
25:31 Guard Tower
26:42 Arcane Tower
30:20 Scout Tower
31:15 Guard Tower
83:31 Altar of Kings
83:35 Farm
83:38 Farm
83:41 Farm
83:42 Farm
83:43 Farm
87:54 Farm
88:53 Farm
» items
| Boots of Speed | 2 | |
| Staff of Teleportation | 4 | |
| Healing Salve | 1 | |
| Orb of Lightning | 2 | |
| Staff of Sanctuary | 2 | |
| Scroll of Town Portal | 1 | |
12 total
team 2 (loser)

»
poopamania (
blue | 19 APM | 1589 actions | 83:58)
3 Dreadlord
2 Vampiric Aura
1 Sleep
» actions
| Basic commands | 5 | |
| Build / train | 81 | |
| Enter build submenu | 20 | |
| Enter hero's abilities submenu | 3 | |
| Remove unit from queue | 4 | |
| Right click | 583 | |
| Select / deselect | 860 | |
| Use ability | 33 | |
1589 total
» units
| Acolyte | 17 | |
| Ghoul | 15 | |
| Crypt Fiend | 5 | |
| Gargoyle | 18 | |
| Meatwagon | 5 | |
60 total
» upgrades
| Web | 1 | |
| Creature Attack | 1 | |
| Creature Carapace | 2 | |
| Stone Form | 1 | |
| Unholy Strength | 1 | |
6 total
» buildings
| Altar of Darkness | 1 | |
| Ziggurat | 11 | |
| Crypt | 2 | |
| Graveyard | 1 | |
| Nerubian Tower | 5 | |
| Halls of the Dead | 1 | |
| Black Citadel | 1 | |
| Slaughterhouse | 1 | |
23 total
» build order
00:08 Altar of Darkness
00:12 Ziggurat
00:33 Crypt
01:07 Ziggurat
01:25 Crypt
02:17 Ziggurat
04:38 Ziggurat
07:19 Graveyard
08:02 Nerubian Tower
08:04 Nerubian Tower
09:06 Ziggurat
10:39 Ziggurat
12:24 Halls of the Dead
13:52 Ziggurat
14:47 Ziggurat
26:29 Black Citadel
32:22 Ziggurat
32:26 Ziggurat
33:18 Nerubian Tower
33:24 Nerubian Tower
34:43 Ziggurat
35:48 Nerubian Tower
42:27 Slaughterhouse

»
PoopMonster07 (
green | 16 APM | 1388 actions | 89:04)
4 Priestess of the Moon
2 Trueshot Aura
1 Searing Arrows
1 Scout
» actions
| Assign group hotkey | 3 | |
| Basic commands | 9 | |
| Build / train | 140 | |
| Enter build submenu | 19 | |
| Enter hero's abilities submenu | 4 | |
| Remove unit from queue | 29 | |
| Right click | 538 | |
| Select / deselect | 583 | |
| Use ability | 63 | |
1388 total
» units
| Wisp | 16 | |
| Archer | 26 | |
| Glaive Thrower | 11 | |
| Huntress | 7 | |
| Hippogryph | 29 | |
| Druid of the Talon | 6 | |
95 total
» upgrades
| Vorpal Blades | 1 | |
| Strength of the Moon | 2 | |
| Hippogryph Taming | 1 | |
| Strength of the Wild | 2 | |
| Druid of the Talon Training | 2 | |
| Marksmanship | 1 | |
9 total
» buildings
| Ancient of War | 1 | |
| Altar of Elders | 1 | |
| Moon Well | 7 | |
| Hunter's Hall | 4 | |
| Tree of Ages | 1 | |
| Ancient of Lore | 1 | |
| Ancient of Wind | 2 | |
| Tree of Eternity | 1 | |
18 total
» build order
00:15 Ancient of War
00:27 Altar of Elders
00:39 Moon Well
01:34 Moon Well
02:15 Hunter's Hall
02:37 Moon Well
02:53 Hunter's Hall
03:18 Hunter's Hall
04:40 Hunter's Hall
05:54 Moon Well
07:11 Tree of Ages
08:52 Moon Well
09:43 Ancient of Lore
10:03 Moon Well
11:27 Ancient of Wind
12:00 Ancient of Wind
17:15 Moon Well
19:15 Tree of Eternity

»
poopsicle8 (
red | 21 APM | 1914 actions | 91:57)
2 Priestess of the Moon
1 Trueshot Aura
1 Searing Arrows
» actions
| Assign group hotkey | 26 | |
| Basic commands | 5 | |
| Build / train | 158 | |
| Enter build submenu | 26 | |
| Enter hero's abilities submenu | 2 | |
| Give item / drop item | 1 | |
| Remove unit from queue | 16 | |
| Right click | 662 | |
| Select / deselect | 880 | |
| Select group hotkey | 74 | |
| Use ability | 64 | |
1914 total
» units
| Wisp | 18 | |
| Archer | 37 | |
| Huntress | 3 | |
| Glaive Thrower | 22 | |
| Hippogryph | 24 | |
| Chimaera | 12 | |
| Crypt Fiend | 2 | |
118 total
» upgrades
| Strength of the Moon | 3 | |
| Moon Armor | 2 | |
| Hippogryph Taming | 1 | |
| Improved Bows | 1 | |
| Strength of the Wild | 3 | |
| Reinforced Hides | 2 | |
| Marksmanship | 1 | |
| Vorpal Blades | 1 | |
| Nature's Blessing | 1 | |
| Corrosive Breath | 1 | |
| Creature Attack | 1 | |
17 total
» buildings
| Moon Well | 7 | |
| Altar of Elders | 1 | |
| Ancient of War | 1 | |
| Hunter's Hall | 1 | |
| Tree of Ages | 1 | |
| Ancient Protector | 1 | |
| Ancient of Wind | 2 | |
| Tree of Life | 1 | |
| Tree of Eternity | 1 | |
| Chimaera Roost | 1 | |
| Spirit Tower | 2 | |
19 total
» build order
00:08 Moon Well
00:19 Altar of Elders
00:41 Ancient of War
01:46 Moon Well
02:06 Hunter's Hall
02:49 Moon Well
05:42 Moon Well
06:15 Tree of Ages
06:59 Moon Well
08:24 Ancient Protector
08:54 Ancient of Wind
14:53 Tree of Life
15:00 Moon Well
17:15 Tree of Eternity
20:26 Chimaera Roost
24:01 Ancient of Wind
60:05 Moon Well
86:26 Spirit Tower
86:28 Spirit Tower
Chat log
(04:02 / All) BEAR_AND: hey
(04:05 / All) BEAR_AND: nice double aura
(04:10 / All) poopsicle8: ty
(04:11 / All) dirtmcWORDUP: hey stick a dick in it LOL
(04:12 / All) BEAR_AND: very useƒul
(04:13 / All) poopsicle8: nice hero death
(04:14 / All) dirtmcWORDUP: my dog dick u fuckin homos
(04:19 / All) PoopMonster07: Nice, dying
(04:26 / All) PoopMonster07: Good tatic, lets see if it plays out
(06:14 / All) BEAR_AND: zero, that is a good amount of acolytes
(06:29 / All) PoopMonster07: I like it, its simple...none
(06:33 / All) PoopMonster07: Good ammount
(06:39 / All) poopamania: 0 thats a good number of balls
(06:42 / All) BEAR_AND: i was talking to blue goofball
(06:53 / All) PoopMonster07: I'm not a goof, nor a ball
(07:00 / All) poopamania: none of us all
(07:02 / All) PoopMonster07: Not sure where you're getting your facts
(07:05 / All) poopamania: so therefore you are a retard
(08:25 / All) PoopMonster07: Damn border patrol
(08:29 / All) dirtmcWORDUP: LOL
(08:30 / All) BEAR_AND: ¿
(08:41 / All) PoopMonster07: Lol, mexican
(16:03 / All) BEAR_AND: hey hahhaha lol
(16:17 / All) PoopMonster07: Sup
(24:33 / All) BEAR_AND: dam,n it give me gold
(24:42 / All) PoopMonster07: lol that sucks
(24:48 / All) BEAR_AND: oops
(26:58 / All) PoopMonster07: This game is weird
(27:02 / All) dirtmcWORDUP: LIKE UR DIck
(27:06 / All) dirtmcWORDUP: hahahah fuckin fag
(27:09 / All) poopamania: you look at dicks?
(27:10 / All) PoopMonster07: Yes, isn't that a good joke
(27:13 / All) bLinn: ƒuckin ƒags
(27:23 / All) dirtmcWORDUP: i inspect mine eveyr day
(27:30 / All) poopamania: i know i am not a fag so i dont take offense to that insult
(27:30 / All) PoopMonster07: Give me one reason why I am a fag?
(29:18 / All) BEAR_AND: begone from this place
(29:28 / All) poopsicle8: you guys got nothing
(29:45 / All) bLinn: love is what i got, so remember that
(29:54 / All) poopsicle8: awful song
(29:59 / All) PoopMonster07: and you call us a fag.
(30:01 / All) poopsicle8: your a fag
(30:05 / All) dirtmcWORDUP: LOL
(31:21 / All) PoopMonster07: How did you guys get up there?
(31:24 / All) bLinn: hey do u guys like the backstreet boys
(31:39 / All) PoopMonster07: I do.
(32:36 / All) dirtmcWORDUP: cya
(35:00 / All) PoopMonster07: Hows your gold income?
(35:05 / All) BEAR_AND: gone :(
(35:10 / All) bLinn: hows ur left elf expansion LOL
(35:27 / All) PoopMonster07: I like it.
(37:28 / All) poopsicle8: you guys are pussys
(37:33 / All) BEAR_AND: im leaving
(37:34 / All) BEAR_AND: ugh
(37:39 / All) BEAR_AND: i have no gold
(37:40 / All) bLinn: you are a §ucker
(37:42 / All) poopamania: good leave
(37:43 / All) PoopMonster07: Bye Bye.
(37:49 / All) poopamania: gg now leave
(37:58 / All) PoopMonster07: Have a nice day, I don't think your gay, Your friends are really gay though.
(38:04 / All) bLinn: why omg
(38:07 / All) BEAR_AND: i am actually homosexual though
(38:08 / All) bLinn: manner up pls
(38:11 / All) BEAR_AND: like not even joking
(38:14 / All) PoopMonster07: I'm suportive
(38:23 / All) BEAR_AND: what is to be supportive? i am proud of who i am
(38:33 / All) PoopMonster07: I'm proud of you.
(38:47 / All) bLinn: green you're a closet ƒag
(38:55 / All) bLinn: still inside da closet
(38:59 / All) poopamania: i disagree
(39:06 / All) bLinn: why are you his boyfriend LOL
(39:11 / All) PoopMonster07: I'm not in a closet, I'm actually in my compooper chair.
(39:28 / All) poopamania: no i am straight
(39:29 / All) bLinn: what's up with your scat fetish
(41:25 / All) PoopMonster07: Bet, you dont' have those units
(41:26 / All) dirtmcWORDUP: pusseys
(41:32 / All) BEAR_AND: Bet,
(41:38 / All) poopsicle8: bitch
(44:12 / All) BEAR_AND: oh my godo
(44:31 / All) dirtmcWORDUP: lol my last mortar
(44:59 / All) PoopMonster07: Nice tactic, go slow and your good to go.
(45:03 / All) bLinn: poopmonster07 do u think u r good at this game ? ?
(45:04 / All) BEAR_AND: your
(45:13 / All) PoopMonster07: Yes, i do.
(45:17 / All) BEAR_AND: really?!
(45:24 / All) BEAR_AND: that is funny, i think you're terrible
(45:35 / All) bLinn: would you like to join my clan [ƒBO
(45:36 / All) PoopMonster07: I think I am better than you guys. I play the game the way it should be.
(45:42 / All) BEAR_AND: 1v1?
(45:44 / All) bLinn: 1v1?
(45:49 / All) PoopMonster07: Maybe, hold up.
(45:56 / All) BEAR_AND: hold up what
(47:09 / All) PoopMonster07: What happened?
(47:18 / All) BEAR_AND: meteor lol
(47:23 / All) bLinn: ¿
(47:26 / All) PoopMonster07: ah, that sucks.
(48:56 / All) bLinn: gg...
(49:00 / All) BEAR_AND: damn
(49:00 / All) BEAR_AND: gg
(49:07 / All) bLinn: ¿How did you make our towers disappear?
(49:15 / All) PoopMonster07: I prayed.
(49:59 / All) PoopMonster07: lol
(50:36 / All) BEAR_AND: why so much siege?!
(50:47 / All) poopsicle8: we always do this
(50:47 / All) poopamania: you had a million towers
(50:58 / All) bLinn: then they were gone *poog*
(51:06 / All) BEAR_AND: in the buff bein rude
(51:12 / All) BEAR_AND: bein lewd with the food
(51:20 / All) bLinn: do you think that's the kind oƒ thing you might be into?
(52:16 / All) dirtmcWORDUP: there go my castle lol
(52:26 / All) dirtmcWORDUP: do uguys suck my dick a lot
(52:33 / All) PoopMonster07: Do you guys do this every game?
(52:36 / All) bLinn: ƒuck... our last base
(52:37 / All) dirtmcWORDUP: yes
(52:39 / All) poopsicle8: i think you do, you dont play, you just hide like pussys
(52:46 / All) poopsicle8: is that fun at all?
(52:49 / All) bLinn: gg the better man won in the end...
(52:49 / All) dirtmcWORDUP: nope
(52:50 / All) PoopMonster07: We know you guys have another, we aren't retarded
(52:52 / All) BEAR_AND: yes hahahahhahahahahha lol we win
(53:10 / All) dirtmcWORDUP: ,aybe u should make some air
(54:00 / All) poopamania: ridiculous
(54:09 / All) bLinn: ridukulus
(54:21 / All) bLinn: then ur bogart would change from a hundred towers into a pig
(54:23 / All) bLinn: LOL
(55:00 / All) bLinn: you will wake up tomorrow... with no legs
(55:40 / All) BEAR_AND: *wip* gotcha!!!!!!
(55:55 / All) poopsicle8: eh, you just hid all game i know im better
(55:56 / All) poopsicle8: pussy
(55:59 / All) BEAR_AND: 1v1?
(56:02 / All) dirtmcWORDUP: wanna 1v1
(56:04 / All) dirtmcWORDUP: u fucka sucka
(56:10 / All) PoopMonster07: I wanna 1v1 your dad.
(56:11 / All) poopsicle8: you arent black
(56:23 / All) BEAR_AND: i will beat any of you in a 1v1 any month of the year
(56:35 / All) poopsicle8: good for you
(56:39 / All) poopsicle8: cuz you sure suck at 3v3
(56:46 / All) BEAR_AND: we win tho LOL
(56:49 / All) BEAR_AND: makeing u worse.
(56:54 / All) poopsicle8: ....you didnt win?
(56:55 / All) poopamania: you dont really win
(56:59 / All) BEAR_AND: hmmmmmm
(57:00 / All) BEAR_AND: we will
(57:11 / All) poopamania: running and hiding isnt winning retard
(57:18 / All) BEAR_AND: eventually you will leave
(57:21 / All) BEAR_AND: and that will give us the win
(57:43 / All) poopsicle8: see, you suck
(57:52 / All) poopsicle8: thats the only way you can win pussys
(57:55 / All) BEAR_AND: ¿
(57:55 / All) poopsicle8: and no i wont leave
(57:59 / All) BEAR_AND: yes you will
(57:59 / All) poopsicle8: im not a little bitch
(58:02 / All) BEAR_AND: yes you are
(58:03 / All) dirtmcWORDUP: wanna 1v1 i wont use tower i defeat u with skill
(58:16 / All) BEAR_AND: u have never agree to a 1v1.....are you afraid?
(58:19 / All) poopsicle8: youve already proven you have no skill so no
(58:25 / All) poopsicle8: fine leave we'll 1v1
(58:28 / All) BEAR_AND: na
(58:30 / All) BEAR_AND: after
(58:31 / All) BEAR_AND: after u leave
(58:38 / All) PoopMonster07: Then no thankyou.
(58:39 / All) poopamania: wow what pussys
(58:41 / All) BEAR_AND: let me make some room on my F list so i can add you
(58:42 / All) poopsicle8: then no i knew it you do suck
(58:45 / All) dirtmcWORDUP: i 1v1 after i get my fair & square win
(58:56 / All) PoopMonster07: kthxbyeinatorium
(58:58 / All) poopamania: if you dont leave then you are agreeing that we are better in 1v1 matches
(59:52 / Allies) dirtmcWORDUP: gothic_sheild: who the hell are you faggot
(60:25 / Allies) dirtmcWORDUP: K YOU STILL SUCK BALLS
(60:29 / Allies) dirtmcWORDUP: from our friend poopsicle8
(61:35 / Allies) dirtmcWORDUP: gothic_sheild: lmao your a dumbass arent u
(61:44 / Allies) dirtmcWORDUP: poopsicle8: ok doesnt bother me
(61:57 / Allies) dirtmcWORDUP: gothic_sheild: u know what i can do? /squelch
(62:07 / Allies) dirtmcWORDUP: gothic_Sheild: nigger bitch choke on your dads cock
(64:16 / All) PoopMonster07: all squelched
(64:18 / All) PoopMonster07: have fun
(64:19 / All) poopsicle8: same
(64:28 / All) bLinn: because the greatest
(64:30 / All) bLinn: love of all
(64:33 / All) bLinn: is happening to me
(65:17 / All) bLinn: learning to love yourself
(65:21 / All) bLinn: is the greatest love of all
(65:32 / All) bLinn: i believe that children are our future, teach them well and let them lead the way
(65:34 / All) poopsicle8: lol you guys do this everygame
(65:39 / All) dirtmcWORDUP: yes llol
(65:42 / All) poopsicle8: must get really boring after awhile
(65:50 / All) dirtmcWORDUP: nah u peeps make it interesting
(66:12 / All) poopsicle8: if your trying to talk im ignoring you all so yep
(66:23 / All) bLinn: we especially enjoy it when you just take it and say nothing and don't get angry, so if you wanna piss us off, just blow up
(67:11 / All) dirtmcWORDUP: u guys suck dog dick often?
(72:45 / All) poopamania: how do i talk in that chat?
(72:49 / All) poopamania: i just got back
(72:52 / All) BEAR_AND: haha
(72:56 / All) BEAR_AND: you need ventrilo
(73:02 / All) poopamania: i have vent
(73:10 / All) BEAR_AND: ok so that's the server
(73:11 / All) poopamania: im on it
(73:15 / All) BEAR_AND: come in our chan
(73:35 / All) BEAR_AND: hey you are not on it
(73:43 / All) poopamania: im not getting on it
(74:32 / All) poopamania: im ignoring all of you so you can just suck my balls
(78:29 / All) dirtmcWORDUP: u guys gonna do nething
(78:33 / All) dirtmcWORDUP: im gettin mad bored lol
(83:13 / Allies) dirtmcWORDUP: yo
(83:16 / Allies) dirtmcWORDUP: banish & staff
(84:07 / Allies) dirtmcWORDUP: haha
(85:46 / All) dirtmcWORDUP: hi can u dudes suck my DICK lol
(88:35 / All) BEAR_AND: GOOD try
(88:37 / All) dirtmcWORDUP: adio
(88:40 / All) bLinn: GG
(88:44 / All) BEAR_AND: leaf now
(88:53 / All) bLinn: u may leaf my presence *poof*
(89:29 / All) BEAR_AND: now u leave too, poopsicle8
(89:41 / All) BEAR_AND: Hmmmmmmmmmmm dident even kill 1 tower.
(89:53 / All) poopsicle8: lol im not leaving btw
(90:09 / All) poopsicle8: im doing homework
(90:14 / All) poopsicle8: i can wait here all night
(90:23 / All) BEAR_AND: lol!!!!!!!!!!!!!!! Ok
(90:49 / All) BEAR_AND: lol cya
(91:00 / All) poopsicle8: damn theres a 1v1 tourny
(91:08 / All) poopsicle8: i gotta go play good people
(91:08 / All) BEAR_AND: guess you should go lose
(91:11 / All) poopsicle8: not pussys
(91:13 / All) BEAR_AND: u still 1v1 me?
(91:15 / All) bLinn: you already are playing good people
(91:16 / All) BEAR_AND: after tourney?
(91:16 / All) poopsicle8: and im ignoring all of you
(91:18 / All) bLinn: but losing to them . ..
(91:21 / All) poopsicle8: so i can see what you say
(91:24 / All) poopsicle8: have fun losing
(91:30 / All) BEAR_AND: ¿ we win
(91:44 / Allies) bLinn: ¿ ole ?